 Dungeon Crawl Stone Soup version 0.28-a0-620-g539b0f7ac7 (webtiles) character file.

Game seed: 15467679052587404566

67 elagabalus the Conjurer (level 4, 17/24 HPs)
             Began as a Tengu Conjurer on Oct 6, 2021.
             Quit the game on level 2 of the Dungeon.
             The game lasted 00:12:55 (908 turns).

elagabalus the Conjurer (Tengu Conjurer)             Turns: 908, Time: 00:12:57

Health: 17/24      AC:  3    Str:  7    XL:     4   Next: 16%
Magic:  0/8        EV: 12    Int: 20    God:
Gold:   86         SH:  0    Dex: 12    Spells: 1/7 levels left

rFire   . . .      SeeInvis .   d - +0 dagger
rCold   . . .      Faith    .   (no shield)
rNeg    . . .      Spirit   .   a - +1 robe
rPois   .          Reflect  .   (helmet restricted)
rElec   .          Harm     .   (no cloak)
rCorr   +          Rampage  .   (no gloves)
Will    .....                   (boots unavailable)
Stlth   ++........              (no amulet)
HPRegen 0.08/turn               b - ring of resist corrosion
MPRegen 0.11/turn               (no ring)

@: no status effects
A: beak, talons 3
a: no special abilities


You were on level 2 of the Dungeon.
You visited 1 branch of the dungeon, and saw 2 of its levels.

You collected 86 gold pieces.

Inventory:

Hand Weapons
 d - a +0 dagger (weapon)
 f - a +0 hunting sling
Armour
 a - a +1 robe (worn)
Jewellery
 b - a ring of resist corrosion (left hand)
Potions
 c - a potion of attraction {unknown}
 e - a potion of haste


   Skills:
 - Level 0.3 Bows
 - Level 2.1 Dodging
 - Level 2.0 Stealth
 - Level 2.0 Spellcasting
 - Level 7.0 Conjurations
 * Level 1.0 Hexes


You had one spell level left.
You knew the following spells:

 Your Spells              Type           Power      Damage    Failure   Level
a - Magic Dart            Conj           100%       1d8       1%          1
b - Searing Ray           Conj           60%        2d6       1%          2
c - Dazzling Flash        Conj/Hex       36%        N/A       9%          3

Your spell library contained the following spells:

 Spells                   Type           Power      Damage    Failure   Level
 Slow                     Hex            6%         N/A       16%         2
 Confusing Touch          Hex            6%         N/A       30%         3
 Fulminant Prism          Conj/Hex       9%         3d7       30%         4
 Iskenderun's Mystic Bla  Conj/Tloc      16%        2d5       36%         4
 Yara's Violent Unravell  Hex/Tmut       2%         3d3       98%         5


Dungeon Overview and Level Annotations

Branches:
Dungeon (2/15)

Altars:

Shops:
D:1 :*=[   D:2 *


Innate Abilities, Weirdness & Mutations

You have a beak for a mouth.
You have claws for feet.


Message History

Aim: a rat (79% to hit)
The searing ray misses the rat. (Press . to maintain the ray.)
The rat barely misses you.
You hit the rat.
You kill the rat! 3 gnolls come into view.
Found a stone staircase leading down.
The gnoll shouts! x2; You hear a shout!
You hear an angry hiss.
Aiming: Searing Ray (safe; 1% risk of failure)
Press: ? - help, Q - select action, (/) - cycle Shift-Dir - straight line, f - gnoll
Aim: a gnoll, wielding a +0 whip (82% to hit)
The searing ray hits the gnoll.
The gnoll is lightly wounded.
The searing ray hits the gnoll!
The gnoll is severely wounded. (Press . to maintain the ray.)
The searing ray hits the gnoll but does no damage.
The gnoll is lightly wounded.
The searing ray hits the gnoll.
You kill the gnoll!
The gnoll hits you with a +0 whip.
Training target 7.0 for Conjurations reached!
Your Conjurations skill increases to level 7!
You have reached level 4!
You feel clever.
The searing ray hits the gnoll.
The gnoll is heavily wounded.
The gnoll hits you with a +0 whip.
The searing ray hits the gnoll.
The gnoll is almost dead.
The searing ray hits the gnoll!
The gnoll is severely wounded.
You finish channelling your searing ray.
The gnoll hits you but does no damage. The gnoll barely misses you.
You hit the gnoll.
You kill the gnoll!
The gnoll barely misses you.
Your Hexes skill increases to level 1!
Are you sure you want to abandon this character and quit the game? (Confirm with "yes".)

......# ....g
#####.# .... #
#.## .g. #..# .g
## ##.# >####....
# #.## #........
## #..# ##)# .##
##.# #####g.# ..##
#.# #..@).## #..##
#.######.#####
##..# #.##.....#
##.###(##.#####
#........^...#
######..####....
#####.............
#.....##8.8.8###
#.######.⌠.⌠.####


You could see a gnoll.

Vanquished Creatures
  2 adders (D:2)
  2 gnolls (D:2)
  A dart slug (D:1)
  4 ball pythons (D:1)
  3 bats
  3 endoplasms
  A giant cockroach (D:1)
  3 hobgoblins (D:1)
  2 quokkas (D:1)
  2 goblins (D:1)
  2 kobolds (D:1)
  2 rats
27 creatures vanquished.

Notes
Turn   | Place    | Note
-------+----------+-------------------------------------------
     0 | D:1      | elagabalus the Tengu Conjurer began the quest for the Orb.
     0 | D:1      | Reached XP level 1. HP: 10/10 MP: 4/4
   178 | D:1      | Found Dielitro's Jewellery Boutique.
   203 | D:1      | Reached XP level 2. HP: 13/15 MP: 3/6
   211 | D:1      | Learned a level 2 spell: Searing Ray
   223 | D:1      | Reached skill level 6 in Conjurations
   520 | D:1      | Found Jusuoserph's Book Boutique.
   603 | D:1      | Found Bexuthe's Assorted Antiques.
   625 | D:1      | Reached XP level 3. HP: 19/19 MP: 4/7
   630 | D:1      | Learned a level 3 spell: Dazzling Flash
   663 | D:1      | Found Maheimpo's Armour Shoppe.
   690 | D:1      | Found a faded altar of an unknown god.
   804 | D:2      | Found Duanafe's Assorted Antiques.
   904 | D:2      | Reached skill level 7 in Conjurations
   904 | D:2      | Reached XP level 4. HP: 20/24 MP: 2/8
   908 | D:2      | Reached skill level 1 in Hexes
   908 | D:2      | Quit the game

Illustrated notes

Levels and vault maps discovered:
D:1:      ebering_trefoil_twist, layout_basic,
          hellmonk_ecumenical_altar_heavens_door, serial_shops,
          nicolae_shop_trees, shop, shop, shop, corexii_hall_statues_u
D:2:      layout_rooms, serial_shops,
          nicolae_shop_temple_entry_statues_fountains, uniq_robin

Skill      XL: |  1  2  3  4 |
---------------+-------------+-----
Conjurations   | 6 7 |  7.0
Hexes          | 1 |  1.0
Bows           | |  0.3
Dodging        | |  2.1
Stealth        | |  2.0
Spellcasting   | |  2.0

Action                   |  1- 3 |  4- 6 || total
-------------------------+-------+-------++-------
Melee: Whip              |     1 |       ||     1
       Dagger            |     1 |     1 ||     2
 Cast: Magic Dart        |    14 |       ||    14
       Searing Ray       |    17 |       ||    17
  Use: Scroll            |     3 |       ||     3
Armor: Robe              |       |     1 ||     1
Dodge: Dodged            |     4 |     2 ||     6

Table legend: (Time is in decaauts)
 A = Elapsed time spent in this place.
 B = Non-inter-level travel time spent in this place.
 C = Inter-level travel time spent in this place.
 D = Time resting spent in this place.
 E = Time spent auto-exploring this place.
 F = Levels seen in this place.
 G = Mean time per level.
                   A        B        C        D        E       F      G
               +--------+--------+--------+--------+--------+-----+--------+
         Total |    905 |    284 |    621 |      0 |      0 |   2 |  452.5 |
       Dungeon |    905 |    284 |    621 |      0 |      0 |   2 |  452.5 |
               +--------+--------+--------+--------+--------+-----+--------+

Top non-repeatable levels by time:
     D:1: 757 daAuts
     D:2: 148 daAuts
